Map: Frozen Temple

Players

귀요마보미

  • Race: Terran Terran
  • League: Master

ReacH - Winner!

  • Race: Protoss Protoss
  • League: Diamond

VOD

Have the link to the VOD?

Description

Time

  • Played on: April 13, 2016, 10:40 a.m.
  • Length: 4:58
Show
View Real Time Build Order
Export as new Build Order

귀요마보미 Terran 

Build Orders: Command Center First (CC) 

Get SALT Encoding   

  12  0:02  SCV  
  13  0:14  SCV  
  14  0:19  Supply Depot  
  14  0:26  SCV  
  15  0:41  SCV  
  16  0:53  SCV  
  17  1:02  Command Center  
  17  1:06  SCV  
  18  1:16  Barracks  
  18  1:19  Refinery  
  18  1:22  SCV  
  19  1:29  Refinery  
  19  1:34  SCV  
  20  1:46  SCV  
  21  1:58  SCV  
  22  2:06  Marine  
  23  2:10  Orbital Command  
  23  2:14  Factory  
  23  2:18  Orbital Command  
  23  2:24  Marine  
  24  2:39  SCV  
  24  2:43  Barracks Tech Lab  
  25  2:47  SCV  
  25  2:50  Barracks  
  25  2:54  SCV  
  26  3:00  SCV  
  27  3:05  Cyclone  
  27  3:07  Barracks Reactor  
  27  3:08  SCV  
  31  3:17  SCV  
  31  3:19  Supply Depot  
  32  3:23  SCV  
  32  3:32  SCV  
  32  3:34  Command Center  
  32  3:46  Cyclone, Marine  
  32  3:47  Marine x2  
  34  3:51  SCV x2  
  36  3:59  Bunker  
  33  4:13  Marine x2  
  34  4:23  SCV x2  
  36  4:26  Barracks Tech Lab  
  34  4:36  SCV x2  
  32  4:47  Barracks  
  32  4:49  Command Center  
Show
View Real Time Build Order
Export as new Build Order

ReacH Protoss - Winner!

Build Orders:  

Get SALT Encoding   

  12  0:01  Probe (Chrono Boost)  
  13  0:11  Probe (Chrono Boost)  
  14  0:19  Pylon  
  14  0:22  Probe (Chrono Boost)  
  15  0:37  Probe (Chrono Boost)  
  15  0:38  Gateway  
  16  0:44  Assimilator  
  16  0:55  Probe (Chrono Boost)  
  17  1:05  Probe (Chrono Boost)  
  18  1:16  Probe (Chrono Boost)  
  19  1:26  Probe (Chrono Boost)  
  20  1:32  Cybernetics Core  
  20  1:33  Assimilator  
  20  1:37  Probe (Chrono Boost)  
  20  1:41  Gateway  
  20  1:43  Pylon  
  20  1:47  Probe (Chrono Boost)  
  21  1:58  Probe (Chrono Boost)  
  24  2:09  Probe, Stalker (Chrono Boost)  
  24  2:13  Warp Gate (Chrono Boost)  
  25  2:21  Probe  
  28  2:33  Stalker (Chrono Boost)  
  28  2:34  Mothership Core  
  29  2:38  Pylon  
  29  2:48  Stalker (Chrono Boost)  
  31  2:59  Stalker  
  31  3:05  Pylon  
  33  3:06  Probe  
  34  3:18  Probe  
  34  3:19  Stalker  
  37  3:39  Stalker  
  37  3:50  Probe  
  37  3:51  Stalker  
  40  3:59  Nexus  
  40  4:13  Stalker  
  42  4:21  Stalker  
  38  4:32  Twilight Council  
  38  4:33  Probe  
  38  4:38  Robotics Facility  
Tags
 
Add a new tag
Caveats
  • Supply blocks, unpowered buildings, or Contaminate may cause inaccurate times.
  • Supply counts are checked every 10 seconds.